 Dungeon Crawl Stone Soup version 0.29-a0-330-g52719c12eb (webtiles) character file.

Game seed: 7860374390534112197

26553 lorenzova the Eclecticist (level 12, -13/54 (59) HPs)
             Began as a Deep Elf Conjurer on May 29, 2022.
             Was a High Priest of Vehumet.
             Mangled by a spectral orc warrior
             ... wielding a +0 trident
             ... summoned by Nergalle
              (14 damage)
             ... on level 4 of the Lair of Beasts.
             The game lasted 00:47:19 (23576 turns).

lorenzova the Eclecticist (Deep Elf Conjurer)      Turns: 23576, Time: 00:47:20

HP:   -13/54 (59)   AC:  6    Str:  4    XL:     12   Next: 99%
MP:   24/35         EV: 12    Int: 32    God:    Vehumet [*****.]
Gold: 1053          SH:  0    Dex: 13    Spells: 27/46 levels left

rFire   + + .      SeeInvis .   e - staff of air
rCold   . . .      Faith    .   (no shield)
rNeg    . . .      Spirit   .   N - +2 robe {rF+}
rPois   +          Reflect  .   d - +1 helmet {Int+3}
rElec   +          Harm     .   I - scarf {repulsion}
rCorr   .          Rampage  .   (no gloves)
Will    +....                   (no boots)
Stlth   ++........              (no amulet)
HPRegen 0.18/turn               L - ring of poison resistance
MPRegen 0.24/turn               B - ring of protection from fire

@: drained, repel missiles
A: no striking features
a: Renounce Religion


You were on level 4 of the Lair of Beasts.
You worshipped Vehumet.
Vehumet was extremely pleased with you.
You visited 2 branches of the dungeon, and saw 15 of its levels.
You also visited: Sewer and Ossuary.

You collected 1197 gold pieces.
You spent 144 gold pieces at shops.

Inventory:

Hand Weapons
 O - a +2 scimitar of flaming
Armour
 d - a +1 helmet of intelligence (worn)
 I - a scarf of repulsion (worn)
 N - a +2 robe of fire resistance (worn)
 P - a +2 robe of willpower
Magical Staves
 e - a staff of air (weapon)
 H - a staff of earth
Jewellery
 a - a ring of ice
 n - a +6 ring of dexterity
 B - a ring of protection from fire (right hand)
 L - a ring of poison resistance (left hand)
Scrolls
 h - 7 scrolls of fear
 k - a scroll of brand weapon
 l - 3 scrolls of enchant armour
 o - 6 scrolls of identify
 p - 6 scrolls of teleportation
 r - a scroll of blinking
 x - 7 scrolls of magic mapping
 y - a scroll of holy word
 A - 3 scrolls of enchant weapon
 E - a scroll of amnesia
Potions
 b - 4 potions of magic
 c - 8 potions of curing
 f - 3 potions of flight
 g - 5 potions of might
 i - 5 potions of brilliance
 j - 4 potions of heal wounds
 m - 5 potions of resistance
 s - 6 potions of invisibility
 t - a potion of haste
 u - 2 potions of degeneration {unknown}
 v - 3 potions of lignification {unknown}
 w - 3 potions of attraction {unknown}
 G - 2 potions of ambrosia {unknown}
 K - 2 potions of mutation {unknown}


   Skills:
 - Level 2.4 Dodging
 - Level 2.4 Stealth
 + Level 17.5 Spellcasting
 + Level 15.3 Conjurations
 - Level 6.0 Hexes
 - Level 6.0 Translocations
 * Level 6.4 Fire Magic
 * Level 5.8 Air Magic


You had 27 spell levels left.
You knew the following spells:

 Your Spells              Type           Power      Damage    Failure   Level
a - Magic Dart            Conj           100%       1d8       0%          1
b - Searing Ray           Conj           100%       2d8       0%          2
c - Iskenderun's Mystic   Conj/Tloc      77%        2d15      1%          4
d - Fulminant Prism       Conj/Hex       38%        3d18      1%          4
e - Foxfire               Conj/Fire      100%       2x1d9     0%          1
k - Swiftness             Air            78%        N/A       1%          3
s - Sticky Flame          Conj/Fire      78%        2d9       1%          4

Your spell library contained the following spells:

 Spells                   Type           Power      Damage    Failure   Level
 Hailstorm                Conj/Ice       67%        3d14      1%          4
 Animate Skeleton         Necr           56%        N/A       1%          1
 Apportation              Tloc           100%       N/A       1%          1
 Summon Small Mammal      Summ           100%       N/A       1%          1
 Corpse Rot               Necr/Air       100%       N/A       1%          2
 Ensorcelled Hibernation  Hex/Ice        94%        N/A       1%          2
 Poisonous Vapours        Pois/Air       100%       N/A       1%          2
 Scorch                   Fire           100%       2d10      1%          2
 Static Discharge         Conj/Air       97%        N/A       1%          2
 Dazzling Flash           Conj/Hex       100%       N/A       1%          3
 Ignite Poison            Fire/Tmut/Pois 41%        N/A       1%          3
 Mephitic Cloud           Conj/Pois/Air  83%        N/A       1%          3
 Portal Projectile        Hex/Tloc       100%       N/A       1%          3
 Tukima's Dance           Hex            60%        N/A       1%          3
 Flame Wave               Conj/Fire      78%        2d14      1%          4
 Freezing Cloud           Conj/Ice/Air   41%        6-21      1%          5
 Passwall                 Tmut/Erth      23%        N/A       2%          2
 Anguish                  Hex/Necr       23%        N/A       4%          4
 Dispel Undead            Necr           28%        3d13      14%         4
 Blade Hands              Tmut           14%        N/A       36%         5
 Excruciating Wounds      Necr           14%        N/A       36%         5
 Enfeeble                 Hex            30%        N/A       71%         7
 Summon Cactus Giant      Summ           14%        N/A       91%         6


Dungeon Overview and Level Annotations

Branches:
Dungeon (11/15)            Temple (0/1) D:5            Lair (4/6) D:8
    Orc (0/2) D:11          Sewer (visited)         Ossuary (visited)
  Swamp: Lair:2-4    Shoals: Lair:2-4     Snake: Lair:2-4    Spider: Lair:2-4

Altars:
Elyvilon
Fedhas
Gozag
Kikubaaqudgha
Makhleb
Nemelex Xobeh
Ru
Trog
Vehumet
Wu Jian
Yredelemnul

Shops:
D:4 (   D:7 *

Annotations:
D:10 2 runed translucent doors, Megustar's ghost, novice DEFE
Lair:4 Nergalle


Message History

Nergalle drinks a potion.
Nergalle flickers and vanishes!
Deactivating autopickup; reactivate with Ctrl-A.
Your fulminant prism crackles loudly.
Your fulminant prism explodes!
The blast of energy engulfs something!
You hear a shout! x2; You hear a bellow! x2
Casting: Fulminant Prism (safe; 1% risk of failure)
Confirm with . or Enter, or press ? or * to list all spells.
Aiming: Fulminant Prism (safe; 1% risk of failure)
Press: ? - help, Dir - move target You conjure a prism of explosive energy!
A fulminant prism comes into view.
Your fulminant prism crackles loudly.
Your fulminant prism explodes!
The blast of energy engulfs something!!
You hear a shout! x2; You hear a bellow! x2
Casting: Fulminant Prism (safe; 1% risk of failure)
Confirm with . or Enter, or press ? or * to list all spells.
Aiming: Fulminant Prism (safe; 1% risk of failure)
Press: ? - help, Dir - move target You conjure a prism of explosive energy!
A fulminant prism comes into view.
Orcish apparitions take form around you.
Orcish apparitions take form around you.
The spectral orc warrior closely misses you.
Your fulminant prism crackles loudly.
The spectral orc warrior barely misses you.
Your fulminant prism explodes!
The spectral orc warrior hits you with a +0 short sword.
The spectral orc warrior hits you with a +0 halberd!
You hear a shout!
There is a stone staircase leading up, spattered with blood here.
The spectral orc warrior hits you with a +0 short sword!
You feel drained.
The spectral orc warrior hits you with a +0 halberd!!
* * * LOW HITPOINT WARNING * * *
You feel drained.
* * * LOW HITPOINT WARNING * * *
The spectral orc warrior hits you from afar with a +0 trident!
You die...

#......##.....#....###...#.....
##.............................
#....#.....................#.#
#..................##......#..
#...##.....#.#P.#####...###..# #
#.#. ##...#.###.####P....###.P .
#..# #.......#.....##....###..
##.#.. ##......Z#Z...##....###..#
...#.. #......Z.@......#....###..
..^... #.......Z.....#......# #.#
...... ##..................####..
......##........#..##.#....#.##.#
..P..[..........#######.........#
...............## #.........#
..............#.# #..........
......#.....P#### ##..(####..
.......####.## #..#####...


You could see 4 spectral orc warriors.

Vanquished Creatures
  5 hydras
  Erolcha (D:11)
  Erica (Lair:1)
  2 tengu warriors (D:10)
  A wizard (D:10)
  2 cyclopes (D:11)
  2 black mambas
  Joseph (D:7)
  An elephant (D:8)
  An unseen horror (D:10)
  4 cane toads
  3 rime drakes
  5 komodo dragons
  A polar bear (Lair:2)
  A merfolk (Lair:4)
  A hornet (D:9)
  9 blink frogs
  Prince Ribbit (Lair:1)
  2 shadows
  21 yaks
  A human (D:3)
  7 wyverns
  A basilisk (Lair:2)
  A spriggan (Lair:2)
  2 steam dragons
  Grum (Lair:1)
  6 water moccasins
  4 sky beasts
  7 black bears
  2 ice beasts
  2 orc warriors
  3 ogres
  17 wolves
  4 centaurs
  4 kobold brigands
  11 bullfrogs
  A gnoll sergeant (D:6)
  3 scorpions
  14 wights
  4 killer bees (D:9)
  2 howler monkeys
  2 electric eels (Lair:2)
  A crimson imp (D:10)
  A jelly (D:4)
  A gnoll shaman (D:6)
  5 orc priests
  4 hounds
  3 iron imps (D:9)
  4 iguanas
  Ijyb (D:3)
  11 orc wizards
  8 mummies (Ossuary)
  13 gnolls (D:6)
  8 adders
  8 river rats
  2 shadow imps (D:7)
  A white imp (D:6)
  An ufetubus (D:6)
  7 worms
  4 dart slugs
  53 orcs
  11 endoplasms
  A giant cockroach (D:1)
  8 goblins
  8 hobgoblins
  11 jackals
  A quokka (D:2)
  11 ball pythons
  5 bats (D:1)
  5 frilled lizards
  A goblin skeleton (D:3)
  2 hobgoblin zombies (Ossuary)
  27 kobolds
  3 kobold zombies (Ossuary)
  3 orc zombies (Ossuary)
  11 rats
408 creatures vanquished.

Vanquished Creatures (others)
  An adder (D:3)
  An orc (D:3)
  A hobgoblin (D:3)
  79 fulminant prisms
  32 fungi
  57 plants
171 creatures vanquished.

Grand Total: 579 creatures vanquished

Notes
Turn   | Place    | Note
-------+----------+-------------------------------------------
     0 | D:1      | lorenzova the Deep Elf Conjurer began the quest for the
                  | Orb.
     0 | D:1      | Reached XP level 1. HP: 10/10 MP: 6/6
   284 | D:1      | Reached XP level 2. HP: 15/15 MP: 5/8
   381 | D:1      | Learned a level 2 spell: Searing Ray
   893 | D:1      | Found a faded altar of an unknown god.
  1172 | D:1      | Reached skill level 4 in Spellcasting
  1337 | D:1      | Reached XP level 3. HP: 19/19 MP: 7/10
  1362 | D:1      | Reached skill level 5 in Conjurations
  2153 | D:2      | Reached XP level 4. HP: 24/24 MP: 9/12
  2696 | D:3      | Reached skill level 5 in Spellcasting
  2853 | D:3      | Found an opulent altar of Gozag.
  2853 | D:3      | Noticed a scorpion
  2862 | D:3      | Killed a scorpion
  2863 | D:3      | Reached XP level 5. HP: 28/28 MP: 8/15
  3089 | D:3      | Noticed Ijyb
  3404 | D:3      | Killed Ijyb
  3704 | D:3      | Found a runed translucent door.
  3704 | D:3      | Noticed a human
  3708 | D:3      | Found a basalt altar of Yredelemnul.
  4336 | D:3      | Killed a human
  4337 | D:3      | Reached skill level 6 in Spellcasting
  4337 | D:3      | Reached XP level 6. HP: 32/32 MP: 8/17
  4532 | D:4      | Found a radiant altar of Vehumet.
  4537 | D:4      | Became a worshipper of Vehumet
  4600 | D:4      | Found a sand-covered staircase.
  4755 | Ossuary  | Entered an ossuary
  4774 | Ossuary  | Reached skill level 7 in Spellcasting
  5517 | D:4      | Reached XP level 7. HP: 36/36 MP: 13/20
  5652 | D:4      | Reached skill level 8 in Spellcasting
  5928 | D:4      | Found Boacuat's Weapon Shoppe.
  5987 | D:4      | Found a white marble altar of Elyvilon.
  6146 | D:5      | Entered Level 5 of the Dungeon
  6252 | D:5      | Found an ornate altar of the Wu Jian Council.
  6321 | D:5      | Found a staircase to the Ecumenical Temple.
  6332 | D:5      | Reached * piety under Vehumet
  6332 | D:5      | Offered knowledge of Foxfire by Vehumet.
  6338 | D:5      | Learned a level 1 spell: Foxfire
  6535 | D:5      | Reached skill level 9 in Spellcasting
  6571 | D:5      | Reached XP level 8. HP: 41/41 MP: 16/23
  6657 | D:5      | Found a glowing drain.
  6662 | Sewer    | Entered a sewer
  7037 | Sewer    | Learned a level 4 spell: Iskenderun's Mystic Blast
  7042 | Sewer    | Learned a level 4 spell: Fulminant Prism
  7566 | Sewer    | Offered knowledge of Sandblast by Vehumet.
  7825 | D:5      | Reached ** piety under Vehumet
  8109 | D:5      | Reached skill level 10 in Spellcasting
  8797 | D:6      | Identified the +1 chain mail of Egiges {rPois Will++ Int-2
                  | Stlth+}
  9163 | D:6      | Reached skill level 11 in Spellcasting
  9163 | D:6      | Reached skill level 10 in Conjurations
  9165 | D:6      | Offered knowledge of Poisonous Vapours by Vehumet.
  9168 | D:6      | Reached XP level 9. HP: 45/45 MP: 16/26
  9361 | D:6      | Reached *** piety under Vehumet
  9787 | D:7      | Reached skill level 12 in Spellcasting
 10281 | D:7      | Found Irigrura's Neck Hole.
 10286 | D:7      | Bought a scarf of repulsion for 144 gold pieces
 10322 | D:7      | Reached skill level 1 in Hexes
 10359 | D:7      | Found a bloodstained altar of Trog.
 10367 | D:7      | Offered knowledge of Sticky Flame by Vehumet.
 10480 | D:7      | Reached skill level 1 in Translocations
 10790 | D:7      | Noticed Joseph
 10811 | D:7      | Killed Joseph
 11448 | D:8      | Noticed an elephant
 11449 | D:8      | Reached XP level 10. HP: 50/50 MP: 23/28
 11640 | D:8      | Reached **** piety under Vehumet
 11688 | D:8      | Reached skill level 13 in Spellcasting
 12303 | D:8      | Learned a level 4 spell: Sticky Flame
 12307 | D:8      | Learned a level 3 spell: Swiftness
 12361 | D:8      | Killed an elephant
 12362 | D:8      | Reached skill level 5 in Hexes
 12406 | D:8      | Offered knowledge of Irradiate by Vehumet.
 12878 | D:8      | Found a staircase to the Lair.
 13569 | D:9      | Reached skill level 5 in Translocations
 13680 | D:9      | Found a burning altar of Makhleb.
 13911 | D:9      | Found a sparkling altar of Nemelex Xobeh.
 14819 | D:10     | Entered Level 10 of the Dungeon
 14865 | D:10     | Reached ***** piety under Vehumet
 14967 | D:10     | Found a runed translucent door.
 14968 | D:10     | Noticed a necromancer
 15081 | D:10     | Noticed a tengu warrior
 15111 | D:10     | Noticed a tengu warrior
 15148 | D:10     | Killed a tengu warrior
 15149 | D:10     | Reached skill level 14 in Spellcasting
 15300 | D:10     | Offered knowledge of Hailstorm by Vehumet.
 15359 | D:10     | Noticed a skeletal warrior
 15361 | D:10     | Noticed Megustar's ghost (novice DEFE)
 15425 | D:10     | Found a runed translucent door.
 15426 | D:10     | Noticed a five-headed hydra
 15746 | D:10     | Killed a tengu warrior
 15747 | D:10     | Reached XP level 11. HP: 42/54 MP: 16/31
 15996 | D:10     | Noticed a lich
 15996 | D:10     | Noticed a skeletal warrior
 15998 | D:10     | Noticed a deep troll earth mage
 16068 | D:10     | Noticed a wizard
 16073 | D:10     | Killed a wizard
 16347 | D:10     | Found a blossoming altar of Fedhas.
 16631 | D:11     | Noticed Erolcha
 17087 | D:11     | Noticed a six-headed hydra
 17470 | D:11     | Noticed a seven-headed hydra
 17482 | D:11     | Killed a seven-headed hydra
 17483 | D:11     | Reached skill level 15 in Spellcasting
 17575 | D:11     | Killed Erolcha
 17761 | D:11     | Killed a six-headed hydra
 18020 | D:11     | Found a staircase to the Orcish Mines.
 18095 | D:11     | Found a sacrificial altar of Ru.
 18357 | Lair:1   | Entered Level 1 of the Lair of Beasts
 18377 | Lair:1   | Noticed Erica
 18418 | Lair:1   | Noticed Grum
 18437 | Lair:1   | Killed Erica
 18438 | Lair:1   | Reached skill level 16 in Spellcasting
 18647 | Lair:1   | Killed Grum
 18972 | Lair:1   | Reached XP level 12. HP: 59/59 MP: 32/34
 19119 | Lair:1   | Noticed Prince Ribbit
 19127 | Lair:1   | Killed Prince Ribbit
 19137 | Lair:1   | Reached skill level 1 in Fire Magic
 19137 | Lair:1   | Reached skill level 1 in Air Magic
 19924 | Lair:2   | Noticed an eight-headed hydra
 19928 | Lair:2   | Noticed a five-headed hydra
 19930 | Lair:2   | Killed an eight-headed hydra
 19931 | Lair:2   | Reached skill level 17 in Spellcasting
 20928 | Lair:2   | Reached skill level 15 in Conjurations
 21182 | Lair:2   | Killed a five-headed hydra
 21329 | Lair:2   | Reached skill level 5 in Fire Magic
 21789 | Lair:3   | Found an ancient bone altar of Kikubaaqudgha.
 21993 | Lair:3   | Noticed a four-headed hydra
 22003 | Lair:3   | Killed a four-headed hydra
 22004 | Lair:3   | Reached skill level 5 in Air Magic
 23566 | Lair:4   | Noticed Nergalle
 23576 | Lair:4   | HP: 1/54 [spectral orc warrior/+0 halberd[Nergalle] (2)]
 23576 | Lair:4   | Mangled by a spectral orc warrior

Illustrated notes

Levels and vault maps discovered:
D:1:      eino_arrival_cavern_a, layout_basic,
          hellmonk_ecumenical_altar_leap_of_faith, hangedman_decor_growths
D:2:      layout_basic
D:3:      layout_basic, mainiacjoe_overflow_small_starburst,
          dk_yredelemnul_ordeal, roderic_three_in_a_row, uniq_ijyb
D:4:      layout_basic, elyvilon_altar_1, fiery_altar_vehumet, serial_glass,
          glass_columns_a, glass_columns_a, glass_columns_a, glass_columns_b,
          glass_columns_a, glass_columns_b, glass_columns_b, glass_columns_a,
          glass_columns_a, glass_columns_a,
          lightli_ossuary_entry_decrepit_ruins, serial_shops,
          nicolae_shop_temple_entry_statues_fountains
D:5:      layout_loops_ring, kennysheep_mini_moat, temple_pool_b,
          lightli_sewer_entry_pipes
D:6:      layout_rooms
D:7:      layout_loops_corners, trog_hazing_becter, serial_co_window_serial,
          co_window_paths_a, co_window_paths_b, co_window_paths_a,
          co_window_paths_b, co_window_corner_a, co_window_corner_b,
          co_window_broadway_a, co_window_cross_4, co_window_broadway_b,
          glass_columns_c, nicolae_shop_sticking_my_neck_out, uniq_joseph
D:8:      layout_loops_cross, david_lair_generic, st_stairs_9
D:9:      layout_basic, demons_altar, nemelex_diamond_rough_becter
D:10:     layout_layer_cave, fedhas_bush_and_centaur_altar,
          muffindrake_ghost_dual_entry, lightli_wizard_tower
D:11:     layout_cave_pools, hiddenorc1_lemuel, corexii_checkpoint_b,
          nicolae_ru_the_path_less_chosen, uniq_erolcha
Lair:1:   layout_hall_layers, uniq_erica, uniq_prince_ribbit2, uniq_grum
Lair:2:   layout_regular_city, grunt_forest_large_clearing_hut,
          lemuel_fruit_tree, serial_bayou_shore_a, infiniplex_staircase_pool_2
Lair:3:   layout_regular_city, lemuel_altar_in_water2
Lair:4:   layout_gridlike, elwin_shoals_entry_rooms,
          minmay_snake_entry_guardpost_large, uniq_nergalle

Skill      XL: |  1  2  3  4  5  6  7  8  9 10 11 12 |
---------------+-------------------------------------+-----
Spellcasting   | 4 5 6 7 9 11 12 14 16 17 | 17.5
Conjurations   | 5 6 7 8 10 11 12 14 15 | 15.3
Hexes          | 3 6 |  6.0
Translocations | 3 6 |  6.0
Fire Magic     | 6 |  6.4
Air Magic      | 5 |  5.8
Dodging        | |  2.4
Stealth        | |  2.4

Action                   |  1- 3 |  4- 6 |  7- 9 | 10-12 || total
-------------------------+-------+-------+-------+-------++-------
Melee: Unarmed           |       |       |    14 |       ||    14
       Scimitar          |       |       |       |     1 ||     1
       Staff             |       |       |       |     1 ||     1
 Cast: Magic Dart        |    87 |   124 |   144 |   145 ||   500
       Searing Ray       |       |    10 |    80 |    86 ||   176
       Iskenderun's Myst |       |       |     9 |    94 ||   103
       Fulminant Prism   |       |       |     6 |    73 ||    79
       Sticky Flame      |       |       |       |     3 ||     3
  Use: Scroll            |       |     7 |     9 |     6 ||    22
       Potion            |       |       |       |     1 ||     1
Armor: Robe              |       |       |     6 |    10 ||    16
Dodge: Dodged            |     4 |     6 |    51 |    67 ||   128
       Repelled          |       |       |       |     2 ||     2

Table legend: (Time is in decaauts)
 A = Elapsed time spent in this place.
 B = Non-inter-level travel time spent in this place.
 C = Inter-level travel time spent in this place.
 D = Time resting spent in this place.
 E = Time spent auto-exploring this place.
 F = Levels seen in this place.
 G = Mean time per level.
                   A        B        C        D        E       F      G
               +--------+--------+--------+--------+--------+-----+--------+
         Total |  23750 |  23047 |    703 |  10844 |   8721 |  17 | 1397.1 |
       Dungeon |  16722 |  16131 |    591 |   7512 |   6420 |  11 | 1520.2 |
          Lair |   5229 |   5118 |    111 |   2500 |   1934 |   4 | 1307.2 |
         Sewer |   1203 |   1203 |      0 |    478 |    365 |   1 | 1203.0 |
       Ossuary |    594 |    594 |      0 |    354 |      1 |   1 |  594.0 |
               +--------+--------+--------+--------+--------+-----+--------+

Top non-repeatable levels by time:
    D:10: 2006 daAuts
  Lair:1: 1887 daAuts
     D:3: 1819 daAuts
     D:9: 1792 daAuts
     D:7: 1750 daAuts
     D:1: 1618 daAuts
     D:8: 1572 daAuts
  Lair:2: 1476 daAuts
    D:11: 1461 daAuts
     D:5: 1299 daAuts
     D:6: 1288 daAuts
   Sewer: 1203 daAuts
     D:4: 1058 daAuts
     D:2: 1054 daAuts
  Lair:3: 968 daAuts
